 Dungeon Crawl Stone Soup version 0.18.1-50-g88ac8fd (webtiles) character file.

85 Chiseanne the Grasshopper (level 4, -2/30 HPs)
             Began as an Octopode Warper on Oct 1, 2016.
             Slain by a quokka (4 damage)
             ... on level 2 of the Dungeon.
             The game lasted 00:04:50 (1804 turns).

Chiseanne the Grasshopper (Octopode Warper)         Turns: 1804, Time: 00:04:50

Health: -2/30      AC:  1    Str: 11    XL:     4   Next: 48%
Magic:  8/8        EV: 12    Int: 15    God:
Gold:   54         SH:  2    Dex: 11    Spells: 1 memorised, 7 levels left

rFire  . . .     SeeInvis .     a - +0 hand axe
rCold  . . .     Gourm    .     (no shield)
rNeg   . . .     Faith    .     (helmet restricted)
rPois  .         Spirit   .     j - +2 amulet of reflection
rElec  .         Dismiss  .     g - ring of sustain attributes
rCorr  .         Reflect  +     (no ring)
SustAt +         Harm     .     (no ring)
MR     .....                    (no ring)
Stlth  ++........               (no ring)
                                (no ring)
                                (no ring)
                                (no ring)

@: not resistant to hostile enchantments, unstealthy
A: almost no armour, amphibious, 8 rings, constrict 8, camouflage 1, gelatinous
body 1
a: no special abilities


You were on level 2 of the Dungeon.
You were hungry.

You visited 1 branch of the dungeon, and saw 2 of its levels.

You collected 54 gold pieces.

Inventory:

Hand Weapons
 a - a +0 hand axe (weapon)
 s - a +0 hunting sling
Missiles
 d - 4 tomahawks of dispersal
 h - 2 tomahawks
 l - 24 bolts
 n - 91 stones
 r - 4 javelins (quivered)
Jewellery
 g - a ring of sustain attributes (left tentacle)
 j - a +2 amulet of reflection (around mantle)
Scrolls
 c - a scroll of blinking
 t - a scroll of fog {unknown}
 u - a scroll of teleportation {unknown}
Potions
 e - 2 potions of lignification
 i - a potion of resistance {unknown}
 m - a potion of degeneration {unknown}
 o - a potion of curing {unknown}
 p - a potion of berserk rage {unknown}
 q - a potion of flight {unknown}
Books
 b - a book of Spatial Translocations

   Spells                             Type                      Level
   a - Apportation                    Translocation                1
   b - Blink                          Translocation                2
   c - Shroud of Golubria             Charms/Translocation         2
   d - Portal Projectile              Translocation                3
   e - Teleport Other                 Translocation                3
   f - Passage of Golubria            Translocation                4
Comestibles
 f - a bread ration
 k - a beef jerky


   Skills:
 * Level 2.6 Fighting
 - Level 2.0 Axes
 - Level 1.0 Throwing
 * Level 2.9 Dodging
 * Level 2.8 Spellcasting
 * Level 3.7 Translocations


You had 7 spell levels left.
You knew the following spells:

 Your Spells              Type           Power        Failure   Level  Hunger
a - Apportation           Tloc           ##........   6%          1    #......


Dungeon Overview and Level Annotations

Branches:
Dungeon (2/15)

Altars:
Ru


Innate Abilities, Weirdness & Mutations

You cannot wear most types of armour.
You are amphibious.
You can wear up to eight rings at the same time.
You can use your tentacles to constrict eight enemies at once.
Your skin changes colour to match your surroundings (Stealth).
Your rubbery body absorbs attacks (AC +1).


Message History

The bat completely misses you.
You closely miss the quokka.
The quokka is moderately wounded.
The quokka bites you but does no damage.
You block the quokka's attack.
You hit the quokka but do no damage.
The quokka is moderately wounded.
The quokka bites you.
* * * LOW HITPOINT WARNING * * *
You completely miss the quokka.
The quokka is moderately wounded.
You feel less woody. The quokka bites you.
* * * LOW HITPOINT WARNING * * *
The quokka barely misses you.
You hit the quokka. Your grab misses the quokka.
Your squeeze misses the quokka.
The quokka is severely wounded.
The quokka bites you.
You die...

.# #.##
.###..######## #
........##.#.#.###
..
..........>......#
...
##########.#..##.#
....
#.#..##.##.....
#.#...(b(.h....
#.# ###r#
#.#####@#
#.......#
#########


You could see a quokka and a bat.

Vanquished Creatures
  Natasha (D:2)
  3 adders (D:2)
  A worm (D:2)
  A dart slug (D:2)
  A giant gecko (D:1)
  2 ball pythons
  3 giant cockroaches
  6 goblins
  A hobgoblin (D:2)
  3 bats
  3 giant newts (D:1)
  4 kobolds
  A rat (D:1)
30 creatures vanquished.

Notes
Turn   | Place    | Note
--------------------------------------------------------------
     0 | D:1      | Chiseanne the Octopode Warper began the quest for the Orb.
     0 | D:1      | Reached XP level 1. HP: 14/14 MP: 3/3
   574 | D:1      | Reached XP level 2. HP: 16/19 MP: 5/5
  1141 | D:2      | Reached XP level 3. HP: 20/24 MP: 6/6
  1226 | D:2      | Found a sacrificial altar of Ru.
  1760 | D:2      | Noticed Natasha
  1761 | D:2      | Reached XP level 4. HP: 25/30 MP: 8/8
  1796 | D:2      | Killed Natasha
  1804 | D:2      | Slain by a quokka

Action                   |  1- 3 |  4- 6 || total
-------------------------+-------+-------++-------
Melee: Hand axe          |    58 |    36 ||    94
       Constrict         |    19 |       ||    19
       Tentacles         |     5 |     1 ||     6
 Fire: Hunting sling     |     4 |       ||     4
Throw: Javelin           |     8 |     2 ||    10
       Tomahawk          |     1 |       ||     1
  Use: Scroll            |     3 |       ||     3
       Potion            |       |     1 ||     1
 Stab: Sleeping          |     6 |       ||     6
  Eat: Chunk             |     2 |       ||     2
Armor: Skin              |     4 |    25 ||    29
Dodge: Dodged            |    27 |     9 ||    36
Block: Other             |     2 |     3 ||     5
